 Dungeon Crawl Stone Soup version 0.28-a0-834-g1a73be5ee4 (webtiles) character file.

Game seed: 17042979655636658416

57370 siradein the Protected (level 14, -12/126 (127) HPs)
             Began as a Minotaur Fighter on Nov 12, 2021.
             Was the Champion of Okawaru.
             Shot with a bolt by an orc knight (21 damage)
             ... on level 2 of the Orcish Mines.
             The game lasted 01:30:37 (23243 turns).

siradein the Protected (Minotaur Fighter)          Turns: 23243, Time: 01:30:38

HP:   -12/126 (127) AC: 14    Str: 25    XL:     14   Next: 45%
MP:   17/17         EV: 14    Int:  5    God:    Okawaru [******]
Gold: 2209          SH:  8    Dex: 18    Spells: 13/13 levels left

rFire   . . .      SeeInvis +   e - +5 double sword (holy)
rCold   . . .      Faith    .   c - +0 buckler
rNeg    . . .      Spirit   .   i - +1 chain mail of Evolution {rElec Dex+4}
rPois   .          Reflect  .   X - +2 hat {Stlth+}
rElec   +          Harm     .   v - +2 cloak
rCorr   .          Rampage  .   A - +2 pair of gloves {Str+3}
Will    +....                   K - +2 pair of boots
Stlth   ..........              Z - amulet of magic regeneration
HPRegen 0.31/turn               R - ring of see invisible
MPRegen 0.40/turn               Q - +4 ring of protection

@: corroded, lightly drained
A: horns 2, retaliatory headbutt
a: Renounce Religion, Heroism, Finesse, Duel


You were on level 2 of the Orcish Mines.
You worshipped Okawaru.
Okawaru was exalted by your worship.
You visited 4 branches of the dungeon, and saw 20 of its levels.
You also visited: Volcano.

You collected 2209 gold pieces.

Inventory:

Hand Weapons
 e - a +5 double sword of holy wrath (weapon)
Missiles
 h - 7 boomerangs (quivered)
 j - 613 stones
 n - 2 throwing nets
 x - 47 poisoned darts
 C - 3 silver boomerangs
 J - 12 javelins
 L - 3 boomerangs of dispersal
 M - 8 atropa-tipped darts
 S - 3 silver javelins
 T - 4 curare-tipped darts
Armour
 c - a +0 buckler (worn)
 i - the +1 chain mail of Evolution (worn) {rElec Dex+4}
   (Okawaru gifted it to you in a volcano)

   Dex:       It affects your dexterity (+4).
   rElec:     It insulates you from electricity.
 v - a +2 cloak (worn)
 A - a +2 pair of gloves of strength (worn)
 K - a +2 pair of boots (worn)
 X - a +2 hat of stealth (worn)
Jewellery
 p - a ring of resist corrosion
 z - a ring of ice
 I - a ring of protection from fire
 Q - a +4 ring of protection (right hand)
 R - a ring of see invisible (left hand)
 Z - an amulet of magic regeneration (around neck)
Wands
 f - a wand of iceblast (3)
 N - a wand of flame (11)
 W - a wand of paralysis (4)
 Y - a wand of mindburst (10)
Scrolls
 a - 5 scrolls of immolation
 b - 5 scrolls of enchant armour
 g - 3 scrolls of amnesia
 m - 3 scrolls of teleportation
 s - 3 scrolls of fog
 y - a scroll of blinking
 B - 2 scrolls of silence
 D - 3 scrolls of holy word
 F - a scroll of acquirement
 G - 4 scrolls of enchant weapon
 P - 2 scrolls of magic mapping
Potions
 d - 4 potions of might
 k - a potion of invisibility {unknown}
 l - a potion of brilliance {unknown}
 o - 2 potions of flight
 q - a potion of cancellation {unknown}
 r - 4 potions of magic
 t - 7 potions of curing
 u - 2 potions of attraction
 w - 3 potions of mutation
 H - 4 potions of haste
 U - a potion of berserk rage {unknown}
 V - 2 potions of lignification


   Skills:
 + Level 12.4 Fighting
 + Level 12.2 Long Blades
 + Level 9.9 Throwing
 + Level 12.5 Armour
 + Level 10.9 Dodging
 + Level 12.5 Shields
 + Level 6.6 Invocations
 + Level 5.7 Evocations


You had 13 spell levels left.
You didn't know any spells.
Your spell library contained the following spells:

 Spells                   Type           Power      Damage    Failure   Level
 Beastly Appendage        Tmut           0%         N/A       94%         1
 Foxfire                  Conj/Fire      0%         2x1d4     94%         1
 Corpse Rot               Necr/Air       0%         N/A       98%         2
 Passwall                 Tmut/Erth      0%         N/A       98%         2
 Poisonous Vapours        Pois/Air       0%         N/A       98%         2
 Sublimation of Blood     Necr           0%         N/A       98%         2
 Wereblood                Tmut           0%         N/A       98%         2
 Conjure Flame            Conj/Fire      0%         6-21      100%        3
 Ignite Poison            Fire/Tmut/Pois 0%         N/A       100%        3
 Inner Flame              Hex/Fire       0%         N/A       100%        3
 Ozocubu's Armour         Ice            0%         N/A       100%        3
 Flame Wave               Conj/Fire      0%         3d3       100%        4
 Leda's Liquefaction      Hex/Erth       0%         N/A       100%        4
 Alistair's Intoxication  Tmut/Pois      0%         N/A       100%        5
 Borgnjor's Vile Clutch   Necr/Erth      0%         N/A       100%        5
 Lee's Rapid Deconstruct  Erth           0%         3d5*      100%        5
 Metabolic Englaciation   Hex/Ice        0%         N/A       100%        5
 Eringya's Noxious Bog    Tmut/Pois      0%         N/A       100%        6
 Statue Form              Tmut/Erth      0%         N/A       100%        6
 Tukima's Dance           Hex            Unusable   N/A       N/A         3
 Simulacrum               Ice/Necr       Unusable   N/A       N/A         6
 Summon Hydra             Summ           Unusable   N/A       N/A         7

Dungeon Overview and Level Annotations

Branches:
Dungeon (11/15)            Temple (1/1) D:4            Lair (6/6) D:9
 Shoals (0/4) Lair:2        Snake (0/4) Lair:2        Slime (0/5) Lair:6
    Orc (2/2) D:10            Elf (0/3) Orc:2       Volcano (visited)

Altars:
Ashenzari
Cheibriados
Dithmenos
Fedhas
Gozag
Hepliaklqana
Kikubaaqudgha
Makhleb
Nemelex Xobeh
Okawaru
Qazlal
Sif Muna
Trog
Uskayaw
Vehumet
Wu Jian
Xom
Zin

Shops:
D:3 (


Innate Abilities, Weirdness & Mutations

You have a pair of horns on your head.
You reflexively headbutt those who attack you in melee.


Message History

Okawaru accepts your kill.
The ynoxinul disappears in a puff of smoke!
You barely miss the orc sorcerer. The orc sorcerer misses you.
The orc priest looks satisfied for a moment.
You hit the orc sorcerer but do no damage.
You headbutt the orc sorcerer, but do no damage.
The orc sorcerer hits you with a +0 dagger.
* * * LOW HITPOINT WARNING * * *
You hit the orc sorcerer. You headbutt the orc sorcerer.
The orc sorcerer is moderately wounded.
You block the orc sorcerer's attack.
You hit the orc sorcerer but do no damage.
Your headbutt misses the orc sorcerer.
The orc sorcerer is moderately wounded.
The orc priest looks braver for a moment.
The orc warrior hits you from afar with a +0 glaive!!
* * * LOW HITPOINT WARNING * * *
The orc sorcerer hits you with a +0 dagger.
* * * LOW HITPOINT WARNING * * *
You feel much better. You block the orc warrior's attack.
The orc sorcerer hits you with a +0 dagger.
* * * LOW HITPOINT WARNING * * *
The orc sorcerer gestures at you while chanting.
The bolt of fire hits you!
* * * LOW HITPOINT WARNING * * *
You hear a shout! x2
Blink to where?
Press: ? - help, Dir - move target
As you read the scroll of blinking, it crumbles to dust.
An orc warrior, an orc priest and an orc knight come into view.
The orc knight shouts!
The orc warrior shouts!
The orc priest shouts!
An orc warrior comes into view. It is wielding a +0 hand axe.
You slice the orc priest!!
You kill the orc priest!
Okawaru accepts your kill.
An orc warrior comes into view. It is wielding a +0 hand axe.
The orc knight unwields a +0 great mace.
The orc knight wields a +2 arbalest of flaming.
It bursts into flame!
The orc knight shoots a bolt.
The bolt hits you!!
You die...

...** #......# ##.§##ooo..#* ..##
##......### #..##3,o....**
...####.#.......###.##,,,*#.#.∩*
....##..........##..#*,,**,,#,,**
.....##.........##.##,,,*,,,,*,∩*
.......#........##.#*,,,,,,,,*,,*
..#.........#...##.#*,,,,,,,,,*,*
................##.#####..,,,,*,*
................@)...ooo..,,,,,,*
................##.#####..,,,,*,*
#.#.............##.#*,,,,,,,,,*,*
...#.#.#........##.#*,,,,,,,,*,,*
#.......#.......##.#*,,,*,,,,*,∩*
##..............##..**,,**,,*,,**
##..............###.**,,,**,*,∩*
#...............# *.,**,,,,,,,**
#...............# **,,**,,,,,**


You could see an orc knight and 2 orc warriors.

Vanquished Creatures
  A red draconian (Volcano)
  A minotaur (Lair:5)
  A boulder beetle (Lair:6)
  A catoblepas (Lair:3)
  An ogre mage (Volcano)
  8 two-headed ogres
  4 hydras
  Erica (D:10)
  The ghost of Foxy the Grappler, a novice DrTm of Dithmenos (D:9)
  Sonja (Lair:2)
  2 goliath frogs (Lair:6)
  2 oklob plants
  A cyclops (D:11)
  3 orc sorcerers (Orc:2)
  15 elephants
  3 black mambas
  A molten gargoyle (Volcano)
  19 cane toads
  3 rime drakes
  14 komodo dragons
  5 polar bears
  2 trolls (Orc:1)
  3 tyrant leeches (Lair:6)
  A hornet (D:9)
  Prince Ribbit (D:4)
  13 dream sheep
  21 blink frogs
  A spriggan (Lair:1)
  2 shadows (D:10)
  A wraith (D:9)
  3 wyverns
  42 yaks
  2 basilisks
  5 fire bats (Volcano)
  A steam dragon (D:8)
  5 vampire mosquitoes (Lair:6)
  4 nagas (Lair:2)
  14 water moccasins
  An acid dragon (D:9)
  2 black bears
  A sky beast (D:7)
  6 orc warriors
  3 ogres
  2 necrophages
  4 wolves (Lair:5)
  5 centaurs
  2 phantoms
  A kobold brigand (D:11)
  2 wyvern zombies
  15 bullfrogs
  A gnoll sergeant (D:8)
  A scorpion (Lair:1)
  11 killer bees
  4 wights (D:9)
  6 lava snakes (Volcano)
  A bullfrog zombie (D:6)
  4 howler monkeys
  3 centaur zombies
  A gnoll shaman (D:7)
  5 hounds
  19 orc priests
  3 jellies
  An iguana (D:5)
  22 orc wizards
  11 hell rats
  A hound zombie (D:4)
  A hound skeleton (D:4)
  A howler monkey zombie (D:11)
  14 gnolls
  7 adders
  3 white imps
  An ufetubus (D:5)
  2 worms
  5 dart slugs
  30 orcs
  3 ball pythons (D:1)
  8 endoplasms
  7 goblins
  7 hobgoblins
  2 jackals (D:2)
  10 kobolds
  4 quokkas
  5 bats
  2 frilled lizards (D:1)
  4 rats
463 creatures vanquished.

Vanquished Creatures (others)
  A bush (Lair:6)
  48 fungi
  122 plants
171 creatures vanquished.

Grand Total: 634 creatures vanquished

Notes
Turn   | Place    | Note
-------+----------+-------------------------------------------
     0 | D:1      | siradein the Minotaur Fighter began the quest for the Orb.
     0 | D:1      | Reached XP level 1. HP: 19/19 MP: 0/0
    72 | D:1      | Reached XP level 2. HP: 21/27 MP: 1/1
   174 | D:1      | Found a faded altar of an unknown god.
   275 | D:1      | Reached skill level 1 in Dodging
   447 | D:1      | Reached XP level 3. HP: 32/33 MP: 2/2
  1414 | D:3      | Found Jikhloky's Antique Weapon Boutique.
  1420 | D:3      | Reached XP level 4. HP: 40/40 MP: 3/3
  1811 | D:3      | Found a burning altar of Makhleb.
  1821 | D:3      | Noticed a blizzard demon
  1824 | D:3      | Found a glowing silver altar of Zin.
  1824 | D:3      | Noticed an angel
  2184 | D:4      | Noticed a phantom
  2197 | D:4      | Killed a phantom
  2198 | D:4      | Reached skill level 1 in Throwing
  2198 | D:4      | Reached XP level 5. HP: 20/47 MP: 4/4
  2467 | D:4      | Found a staircase to the Ecumenical Temple.
  2486 | Temple   | Entered the Ecumenical Temple
  2818 | D:4      | Reached XP level 6. HP: 50/55 MP: 5/5
  2877 | D:4      | Reached skill level 5 in Fighting
  3111 | D:5      | Entered Level 5 of the Dungeon
  3212 | D:5      | Reached skill level 5 in Armour
  3212 | D:5      | Reached skill level 5 in Shields
  3216 | D:5      | Reached XP level 7. HP: 42/61 MP: 6/6
  3216 | D:5      | Noticed Prince Ribbit
  3264 | D:4      | Killed Prince Ribbit
  4414 | D:5      | Reached skill level 5 in Long Blades
  4670 | D:6      | Reached XP level 8. HP: 49/70 MP: 7/7
  5167 | D:6      | Identified the +1 pair of gloves "Earthly Heaven" {rF+}
  5396 | D:6      | Found an ornate altar of the Wu Jian Council.
  5954 | D:7      | Found an opulent altar of Gozag.
  6311 | D:8      | Found a hide-covered altar of Uskayaw.
  6324 | D:8      | Reached skill level 5 in Dodging
  6328 | D:8      | Reached XP level 9. HP: 76/78 MP: 8/8
  6525 | D:8      | Noticed a two-headed ogre
  6540 | D:8      | Killed a two-headed ogre
  6541 | D:8      | Reached skill level 5 in Throwing
  6830 | D:8      | Found an iron altar of Okawaru.
  7202 | D:9      | Found a runed translucent door.
  7202 | D:9      | Noticed Foxy's ghost (novice DrTm)
  7308 | D:9      | Noticed an elephant
  7328 | D:9      | Killed an elephant
  7329 | D:9      | Reached XP level 10. HP: 69/88 MP: 9/9
  7405 | D:9      | Found a staircase to the Lair.
  8234 | D:8      | Became a worshipper of Warmaster Okawaru
  8374 | D:10     | Entered Level 10 of the Dungeon
  8389 | D:10     | Found a bloodstained altar of Trog.
  8402 | D:10     | Reached * piety under Okawaru
  8660 | D:10     | Found a staircase to the Orcish Mines.
  8862 | D:10     | Noticed a two-headed ogre
  8884 | D:10     | Killed a two-headed ogre
  9155 | D:10     | Reached ** piety under Okawaru
  9254 | D:10     | Found a broken altar of Ashenzari.
  9488 | D:10     | Reached XP level 11. HP: 97/97 MP: 10/10
  9583 | D:11     | Noticed Erica
  9601 | D:10     | Killed Erica
  9708 | D:11     | Noticed a two-headed ogre
  9716 | D:11     | Killed a two-headed ogre
  9716 | D:11     | Reached *** piety under Okawaru
 10634 | Lair:1   | Entered Level 1 of the Lair of Beasts
 10862 | Lair:1   | Received a gift from Okawaru
 11414 | Lair:2   | Found a staircase to the Snake Pit.
 11420 | Lair:2   | Reached **** piety under Okawaru
 11701 | Lair:2   | You fall into a shaft and drop 2 floors!
 11708 | Lair:4   | Got Ynwyuzxe's Grimoire of Entrancing Transmigration
 11737 | Lair:4   | Received a gift from Okawaru
 11738 | Lair:4   | Reached skill level 10 in Fighting
 11793 | Lair:4   | Reached skill level 10 in Armour
 11793 | Lair:4   | Reached skill level 1 in Invocations
 11793 | Lair:4   | Reached skill level 1 in Evocations
 11813 | Lair:3   | Reached skill level 10 in Shields
 11845 | Lair:4   | Reached ***** piety under Okawaru
 12137 | Lair:3   | Noticed a catoblepas
 12282 | Lair:4   | Received a gift from Okawaru
 12450 | Lair:3   | Killed a catoblepas
 12451 | Lair:3   | Reached skill level 10 in Long Blades
 12451 | Lair:3   | Reached XP level 12. HP: 83/106 MP: 12/12
 12572 | Lair:3   | Received a gift from Okawaru
 12687 | Lair:2   | Found a staircase to the Shoals.
 12899 | Lair:2   | Noticed Sonja
 12902 | Lair:2   | Killed Sonja
 13845 | Lair:3   | Noticed an eight-headed hydra
 13852 | Lair:3   | Killed a five-headed hydra
 13897 | Lair:3   | Noticed a five-headed hydra
 13906 | Lair:3   | Killed a one-headed hydra
 13906 | Lair:3   | Received a gift from Okawaru
 14725 | Lair:4   | Received a gift from Okawaru
 16171 | Lair:4   | Reached XP level 13. HP: 70/116 MP: 15/15
 16447 | Lair:5   | Found a runed translucent door.
 16627 | Lair:5   | Got Seitazig's Collected Works on Earth and the Arsonist
 17059 | Lair:5   | Received a gift from Okawaru
 17069 | Lair:5   | Reached ****** piety under Okawaru
 17250 | Lair:5   | Reached skill level 5 in Invocations
 17354 | Lair:5   | Reached skill level 10 in Dodging
 17940 | D:9      | Killed Foxy's ghost
 18054 | Lair:6   | Entered Level 6 of the Lair of Beasts
 18909 | Lair:5   | Noticed a minotaur
 18919 | Lair:5   | Killed a minotaur
 19774 | Lair:6   | Reached skill level 5 in Evocations
 20107 | Lair:5   | Identified the +10 quarterstaff "Ixtig" {protect, Str+4}
                  | (Okawaru gifted it to you on level 5 of the Lair of Beasts)
 20107 | Lair:5   | Received a gift from Okawaru
 20219 | Lair:6   | Reached XP level 14. HP: 107/126 MP: 17/17
 20604 | Lair:6   | Found a staircase to the Slime Pits.
 21484 | Orc:1    | Entered Level 1 of the Orcish Mines
 22028 | Orc:2    | Entered Level 2 of the Orcish Mines
 22030 | Orc:2    | Identified 2 scrolls of acquirement
 22030 | Orc:2    | Acquired a +3 double sword of holy wrath
 22045 | Orc:2    | Found a dark tunnel.
 22101 | Volcano  | Entered a volcano
 22285 | Volcano  | Found a radiant altar of Vehumet.
 22299 | Volcano  | Identified the +1 chain mail of Evolution {rElec Dex+4}
                  | (Okawaru gifted it to you in a volcano)
 22299 | Volcano  | Received a gift from Okawaru
 22724 | Orc:2    | Found a staircase to the Elven Halls.
 23224 | Orc:2    | Paralysed by an orc sorcerer for 4 turns
 23235 | Orc:2    | HP: 5/126 [orc sorcerer (6)]
 23243 | Orc:2    | Shot with a bolt by an orc knight

Illustrated notes

Levels and vault maps discovered:
D:1:      minmay_arrival_hallway, layout_basic,
          ebering_ecumenical_altar_sacrificial, st_stairs_1, skrybe_limestone_x
D:2:      layout_basic
D:3:      layout_basic, grunt_temple_overflow_order_and_chaos_2, serial_shops,
          shop
D:4:      layout_cave_pools, minmay_temple_entry_glass, kennysheep_small_circle
D:5:      layout_basic, uniq_prince_ribbit1
D:6:      layout_basic, mainiacjoe_overflow_alcove_2, minmay_tree_intersection,
          chequers_mini_garden
D:7:      layout_gridville, grunt_gozag_statues
D:8:      layout_rooms, lemuel_tele_altar, nicolae_overflow_hidden_temple
D:9:      layout_stronghold, david_lair_generic, gammafunk_ghost_grave
D:10:     layout_grid_maze, trog_ov_bears_minmay,
          mainiacjoe_overflow_surrounded_room, orc_0_dummy
D:11:     layout_loops_ring, uniq_erica
Temple:   compressed_dpeg_circular_temple
Lair:1:   layout_regular_city, wad_woods_03
Lair:2:   layout_regular_city, shoals_dummy_entry, guppyfry_snake_entry_garden,
          uniq_sonja
Lair:3:   layout_chaotic_city
Lair:4:   layout_regular_city, grunt_megastairs_1
Lair:5:   dreamdust_labyrinth, layout_cave_pods, grunt_megastairs_3
Lair:6:   minmay_lair_end_frog_pond, layout_layer_cave, slime_dummy
Orc:1:    cheibrodos_orc_bank, layout_caves
Orc:2:    st_orc_elflike, layout_caves, nicolae_volcano_entry_two_sided,
          nicolae_orc_lava_room

Skill      XL: |  1  2  3  4  5  6  7  8  9 10 11 12 13 14 |
---------------+-------------------------------------------+-----
Dodging        | 1 2 3 4 5 6 7 8 9 10 | 10.9
Fighting       | 4 5 6 8 9 10 11 12 | 12.4
Shields        | 4 5 6 8 9 10 11 12 | 12.5
Armour         | 4 5 6 8 9 10 11 12 | 12.5
Long Blades    | 3 4 5 6 7 8 10 11 12 | 12.2
Throwing       | 1 2 3 4 5 6 7 8 9 |  9.9
Invocations    | 2 4 5 6 |  6.6
Evocations     | 2 3 5 |  5.7

Action                   |  1- 3 |  4- 6 |  7- 9 | 10-12 | 13-15 || total
-------------------------+-------+-------+-------+-------+-------++-------
Melee: Long sword        |    90 |    81 |   247 |   161 |       ||   579
       Headbutt          |    13 |    16 |    69 |   214 |   187 ||   499
       Scimitar          |       |       |       |   407 |   496 ||   903
       Double sword      |       |       |       |       |   147 ||   147
Throw: Dart              |       |       |     4 |     8 |     2 ||    14
       Stone             |       |       |       |    10 |     2 ||    12
       Boomerang         |       |       |       |       |     3 ||     3
Invok: Heroism           |       |       |       |       |     4 ||     4
Evoke: Wand              |       |       |       |     3 |       ||     3
  Use: Scroll            |       |       |       |    19 |     7 ||    26
       Potion            |       |       |       |       |     4 ||     4
 Stab: Sleeping          |       |       |       |     3 |     2 ||     5
Armor: Scale mail        |    47 |    26 |     7 |       |       ||    80
       Chain mail        |       |       |    81 |       |    27 ||   108
       Steam dragon scal |       |       |     9 |     5 |       ||    14
       Acid dragon scale |       |       |       |   222 |   178 ||   400
       Skin              |       |       |       |       |    23 ||    23
       Troll leather arm |       |       |       |       |    24 ||    24
Dodge: Dodged            |    47 |    40 |   126 |   487 |   432 ||  1132
Block: Buckler           |    22 |    22 |    84 |   218 |   233 ||   579

Table legend: (Time is in decaauts)
 A = Elapsed time spent in this place.
 B = Non-inter-level travel time spent in this place.
 C = Inter-level travel time spent in this place.
 D = Time resting spent in this place.
 E = Time spent auto-exploring this place.
 F = Levels seen in this place.
 G = Mean time per level.
                   A        B        C        D        E       F      G
               +--------+--------+--------+--------+--------+-----+--------+
         Total |  23216 |  22049 |   1167 |   2019 |  16059 |  21 | 1105.5 |
       Dungeon |  11066 |  10454 |    612 |    733 |   7858 |  11 | 1006.0 |
        Temple |     75 |     75 |      0 |      0 |     60 |   1 |   75.0 |
          Lair |  10600 |  10046 |    554 |   1264 |   7132 |   6 | 1766.7 |
  Orcish Mines |   1046 |   1046 |      0 |      7 |    772 |   2 |  523.0 |
       Volcano |    427 |    427 |      0 |     15 |    237 |   1 |  427.0 |
               +--------+--------+--------+--------+--------+-----+--------+

Top non-repeatable levels by time:
  Lair:5: 2638 daAuts
  Lair:4: 2295 daAuts
  Lair:6: 2158 daAuts
     D:9: 1450 daAuts
  Lair:3: 1437 daAuts
    D:10: 1341 daAuts
     D:5: 1239 daAuts
     D:4: 1152 daAuts
  Lair:2: 1096 daAuts
    D:11: 1013 daAuts
     D:8: 1011 daAuts
  Lair:1: 974 daAuts
     D:6: 939 daAuts
     D:1: 840 daAuts
     D:3: 825 daAuts
